 Dungeon Crawl Stone Soup version 0.18-a0-1551-g40744a8 (webtiles) character file.

9 Ratboiler the Scratcher (level 2, 0/14 HPs)
             Began as a Felid Wanderer on Mar 11, 2016.
             Slain by a giant gecko (4 damage)
             ... on level 1 of the Dungeon.
             The game lasted 00:00:37 (137 turns).

Ratboiler the Scratcher (Felid Wanderer)             Turns: 137, Time: 00:00:37

Health: 0/14       AC:  1    Str:  9    XL:     2   Next: 6%
Magic:  3/3        EV: 16    Int: 11    God:
Gold:   51         SH:  0    Dex: 16    Spells: 0 memorised, 1 level left
                                        Lives:  0   Deaths: 0

rFire  + . .     SeeInvis +       - Unarmed
rCold  . . .     Gourm    .     (armour unavailable)
rNeg   . . .     Faith    .     (shield unavailable)
rPois  .         Spirit   .     (helmet unavailable)
rElec  .         Dismiss  .     (cloak unavailable)
rCorr  .         Reflect  .     (gloves unavailable)
SustAt .         Harm     .     (boots unavailable)
MR     .....                    (no amulet)
Stlth  +++.......               (no ring)
                                e - ring of protection from fire

@: quick, not resistant to hostile enchantments, fairly stealthy
A: no armour, no weapons or thrown items, claws 1, fangs 3, see invisible,
carnivore 3, speed 1, shaggy fur 1, slow metabolism 1, sharp paws
a: no special abilities


You were on level 1 of the Dungeon.
You were not hungry.

You visited 1 branch of the dungeon, and saw 1 of its levels.

You collected 51 gold pieces.

Inventory:

Jewellery
 e - a ring of protection from fire (left paw)
Scrolls
 b - 3 scrolls of teleportation
 d - a scroll of identify {unknown}
 f - a scroll of random uselessness {unknown}
Potions
 a - 2 potions of berserk rage
Comestibles
 c - a meat ration


   Skills:
 - Level 3.0 Fighting
 - Level 1.3 Dodging
 + Level 3.3 Stealth
 + Level 4.2 Unarmed Combat


You had one spell level left.
You didn't know any spells.

Dungeon Overview and Level Annotations

Branches:
Dungeon (1/15)

Altars:


Innate Abilities, Weirdness & Mutations

You cannot wear armour.
You are incapable of wielding weapons or throwing items.
You have sharp claws.
You have razor-sharp teeth.
You have supernaturally acute eyesight.
You are carnivorous and can eat meat at any time.
You cover ground quickly.
You are covered in fur (AC +1).
You have a slow metabolism.
Your sharp claws are effective at attacking unaware monsters.


Message History

You barely miss the goblin. The goblin completely misses you.
You scratch the goblin.
You kill the goblin!
You see here a goblin corpse.
You scratch the giant gecko.
The giant gecko is lightly wounded.
The giant gecko closely misses you.
You barely miss the giant gecko. Your bite misses the giant gecko.
The giant gecko is lightly wounded.
The giant gecko misses you. The giant gecko bites you.
You are too injured to fight recklessly!
You are too injured to fight recklessly!
You closely miss the giant gecko. Your bite misses the giant gecko.
The giant gecko is lightly wounded.
The giant gecko bites you.
* * * LOW HITPOINT WARNING * * *
You closely miss the giant gecko.
The giant gecko is lightly wounded.
The giant gecko bites you.
You die...

#............. ........
...##.###...# #......
........+...+ #.....
.....#..#...##+#...#
...................#
..........#........#####
#.........#......$......
#.........######........
#.......... #@.......
#........... #..l.......
#...........##.....##..r
#........#.......... ..
........... #
#............#
..........#....
...............


You could see a giant gecko and a rat (sleeping).

Vanquished Creatures
  An ooze (D:1)
  A bat (D:1)
  A goblin (D:1)
  A hobgoblin (D:1)
  A giant newt (D:1)
5 creatures vanquished.

Notes
Turn   | Place    | Note
--------------------------------------------------------------
     0 | D:1      | Ratboiler the Felid Wanderer began the quest for the Orb.
     0 | D:1      | Ratboiler set off with: 2 potions of berserk rage, 2 scrolls of teleportation, a meat ration
     0 | D:1      | Reached XP level 1. HP: 10/10 MP: 2/2
    98 | D:1      | Reached XP level 2. HP: 14/14 MP: 3/3
   137 | D:1      | Slain by a giant gecko

Vault maps used:
D:1:      dpeg_arrival_ratfight

Skill      XL: |  1 |
---------------+----+-----
Stealth        | 3 |  3.3
Fighting       | |  3.0
Dodging        | |  1.3
Unarmed Combat | |  4.2

Action                   || total
-------------------------++-------
Melee: Unarmed           ||    18
 Stab: Sleeping          ||     2
